 Dungeon Crawl Stone Soup version 0.26.0-11-g8f856b5395 (webtiles) character file.

Game seed: 1584890625056200685

468 Cykl0x the Slasher (level 7, -1/54 HPs)
             Began as a Formicid Fighter on Jan 15, 2021.
             Killed from afar by an orc wizard (11 damage)
             ... with a puff of frost
             ... on level 4 of the Dungeon.
             The game lasted 00:05:23 (2825 turns).

Cykl0x the Slasher (Formicid Fighter)               Turns: 2825, Time: 00:05:24

Health: -1/54      AC:  8    Str: 23    XL:     7   Next: 30%
Magic:  7/7        EV:  9    Int:  7    God:
Gold:   218        SH: 10    Dex: 10    Spells: 6/6 levels left

rFire    . . .     SeeInvis +   a - +1 long sword
rCold    . . .     Faith    .   c - +0 kite shield
rNeg     . . .     Spirit   .   b - +0 scale mail
rPois    .         Reflect  .   (helmet unavailable)
rElec    .         Harm     .   (no cloak)
rCorr    .         Rampage  .   h - +0 pair of gloves
Will     .....                  (no boots)
Stlth    ..........             (no amulet)
HPRegen  0.18/turn              l - ring of wizardry
MPRegen  0.10/turn              e - ring of wizardry

@: lethally poisoned (-1 -> -1)
A: permanent stasis, dig shafts and tunnels, four strong arms, antennae 3
a: Dig, Shaft Self


You were on level 4 of the Dungeon.
You visited 1 branch of the dungeon, and saw 4 of its levels.

You collected 218 gold pieces.

Inventory:

Hand Weapons
 a - a +1 long sword (weapon)
Missiles
 f - 16 stones (quivered)
 j - 2 boomerangs
 k - 16 poisoned darts
Armour
 b - a +0 scale mail (worn)
 c - a +0 kite shield (worn)
 h - a +0 pair of gloves (worn)
Jewellery
 e - a ring of wizardry (right hand)
 l - a ring of wizardry (left hand)
Scrolls
 g - 2 scrolls of amnesia
 m - a scroll of identify
Potions
 d - a potion of might
 i - a potion of mutation
 o - a potion of brilliance
 p - 2 potions of flight


   Skills:
 + Level 4.0 Fighting
 + Level 5.2 Long Blades
 + Level 1.2 Throwing
 + Level 4.6 Armour
 + Level 1.2 Dodging
 + Level 4.9 Shields


You had 6 spell levels left.
You didn't know any spells.
Your spell library was empty.

Dungeon Overview and Level Annotations

Branches:
Dungeon (4/15)
 Temple: D:4-7

Altars:
Cheibriados


Innate Abilities, Weirdness & Mutations

You cannot be hasted, slowed, berserked, paralysed or teleported.
You can dig through walls and to a lower floor.
Your four strong arms can wield two-handed weapons with a shield.
You have a pair of large antennae on your head. (SInv)


Message History

You hit the orc.
The orc is severely wounded.
You feel sick. The orc closely misses you.
You closely miss the orc.
The orc is severely wounded.
The orc barely misses you.
You riposte.
You slash the orc!
You kill the orc!
An orc wizard comes into view. It is wielding a +0 dagger.
You hear the slow rusting of a distant drain.
The orc wizard shouts!
Items here: )))) [[ †.
The orc wizard casts a spell at you.
The magic dart hits you but does no damage.
You feel sick.
A ball python comes into view.
Things that are here:
a +0 club; a +0 ring mail The orc wizard points at you and mumbles some strange words.
The puff of frost hits you!
You die...

#......#.........#...
#......#.........#...
#......#.....>...#...
#......#.........#...
#......#.........'...
#......#.........#..<
#.<....#)).......###'
#.......#.######.....
#...@).##).....#.....
#..o..)##......#.....
...S..............#.....
.#................#.....
#................#.....
#........#########.....
#........# ##....
#........# #....


You could see an orc wizard and a ball python.

Vanquished Creatures
  Sigmund (D:2)
  An ogre (D:3)
  An orc priest (D:4)
  2 orc wizards (D:4)
  A worker ant (D:4)
  3 adders
  An ooze (D:1)
  A worm (D:3)
  3 dart slugs
  9 orcs (D:4)
  2 giant cockroaches
  4 goblins
  9 hobgoblins
  11 jackals
  5 kobolds
  A quokka (D:3)
  8 bats
  A frilled lizard (D:1)
  10 rats
74 creatures vanquished.

Notes
Turn   | Place    | Note
-------+----------+-------------------------------------------
     0 | D:1      | Cykl0x the Formicid Fighter began the quest for the Orb.
     0 | D:1      | Reached XP level 1. HP: 18/18 MP: 1/1
    39 | D:1      | Reached XP level 2. HP: 22/24 MP: 2/2
   350 | D:1      | Reached XP level 3. HP: 29/29 MP: 3/3
   895 | D:2      | Found a snail-covered altar of Cheibriados.
  1235 | D:2      | Reached XP level 4. HP: 35/35 MP: 4/4
  1284 | D:2      | Noticed Sigmund
  1301 | D:2      | Killed Sigmund
  1302 | D:2      | Reached skill level 3 in Long Blades
  1302 | D:2      | Reached XP level 5. HP: 32/42 MP: 5/5
  1302 | D:2      | Reached XP level 6. HP: 36/48 MP: 6/6
  1410 | D:2      | Reached skill level 4 in Long Blades
  1640 | D:2      | Reached skill level 1 in Dodging
  1989 | D:3      | Noticed an ogre
  1998 | D:3      | Killed an ogre
  1999 | D:3      | Reached skill level 1 in Throwing
  2762 | D:4      | Reached XP level 7. HP: 46/53 MP: 7/7
  2811 | D:4      | Reached skill level 5 in Long Blades
  2825 | D:4      | Killed from afar by an orc wizard

Illustrated notes

Levels and vault maps discovered:
D:1:      mrwooster_arrival_statue_3, layout_loops_ring
D:2:      layout_loops_corners, kennysheep_slug_shrine, uniq_sigmund
D:3:      layout_rooms
D:4:      layout_gridville, cheibrodos_sewer_entry_sluice,
          nicolae_qazlal_eye_of_the_storm

Skill      XL: |  1  2  3  4  5  6  7 |
---------------+----------------------+-----
Long Blades    | 3 4 5 |  5.2
Armour         | 4 |  4.6
Shields        | 4 |  4.9
Dodging        | 1 |  1.2
Throwing       | 1 |  1.2
Fighting       | 4 |  4.0

Action                   |  1- 3 |  4- 6 |  7- 9 || total
-------------------------+-------+-------+-------++-------
Melee: Long sword        |    89 |    91 |    34 ||   214
Throw: Stone             |    25 |    22 |       ||    47
       Dart              |     1 |    14 |       ||    15
 Abil: Dig               |     2 |     3 |     2 ||     7
  Use: Scroll            |     5 |     7 |       ||    12
       Potion            |       |     1 |       ||     1
Armor: Scale mail        |    41 |    19 |    15 ||    75
Dodge: Dodged            |    42 |    30 |    16 ||    88
Block: Kite shield       |    60 |    43 |    32 ||   135
       Rpst.: Long sword |    15 |    14 |     4 ||    33
